 Dungeon Crawl Stone Soup version 0.29.1-14-g9c671dbff4 (webtiles) character file.

Game seed: 10295732557284924615

13533 protoss039 the Fighter (level 11, 104/104 HPs)
             Began as a Demonspawn Earth Elementalist on Feb 16, 2023.
             Was a Believer of Vehumet.
             Got out of the dungeon alive.
             The game lasted 00:29:37 (12163 turns).

protoss039 the Fighter (DsEE)                      Turns: 12163, Time: 00:29:38

Health: 104/104    AC: 17    Str: 12    XL:     11   Next: 76%
Magic:  22/22      EV: 10    Int: 19    God:    Vehumet [**....]
Gold:   598        SH:  4    Dex: 17    Spells: 21/24 levels left

rFire   . . .      SeeInvis +   y - +7 falchion of Watchfulness {drain, Str+3 Int-2 Dex+4 SInv}
rCold   + . .      Faith    .   M - +0 buckler
rNeg    + . .      Spirit   .   p - +7 Kryia's mail coat {PotionHeal*2 rC+}
rPois   .          Reflect  .   (no helmet)
rElec   .          Harm     .   r - +0 cloak
rCorr   .          Rampage  .   (no gloves)
Will    .....                   (no boots)
Stlth   +.........              (no amulet)
HPRegen 0.27/turn               q - ring of positive energy
MPRegen 0.36/turn               D - ring of flight

@: flying, studying Axes
A: hooves 1, rugged brown scales 1, demonic guardian 1, magic regeneration
a: Renounce Religion


You escaped.
You worshipped Vehumet.
Vehumet was pleased with you.
You visited 2 branches of the dungeon, and saw 10 of its levels.
You also visited: Bailey.

You collected 610 gold pieces.
You spent 12 gold pieces at shops.

Inventory:

Hand Weapons
 y - the +7 falchion of Watchfulness (weapon) {drain, Str+3 Int-2 Dex+4 SInv}
   (You found it on level 5 of the Dungeon)

   A truly terrible weapon, it drains the life of any living foe it strikes.
   Str:       It affects your strength (+3).
   Int:       It affects your intelligence (-2).
   Dex:       It affects your dexterity (+4).
   SInv:      It lets you see invisible.
 C - a +5 halberd of freezing
 E - a +1 executioner's axe of flaming
 H - a +1 whip of flaming
 P - a +2 trident of flaming
Missiles
 w - a throwing net
Armour
 p - the +7 Kryia's mail coat (worn) {PotionHeal*2 rC+}
   (You found it on level 2 of the Dungeon)

   Potions are twice as effective at healing its wearer.
   rC:        It protects you from cold.
 r - a +0 cloak (worn)
 M - a +0 buckler (worn)
 O - the +3 ring mail "Bisestor" {MP+9 Dex+3 SInv}
   (You found it on level 9 of the Dungeon)

   Dex:       It affects your dexterity (+3).
   MP:        It affects your magic capacity (+9).
   SInv:      It lets you see invisible.
Jewellery
 q - a ring of positive energy (left hand)
 D - a ring of flight (right hand)
Wands
 u - a wand of paralysis (5)
 x - a wand of acid (3)
 z - a wand of flame (32)
 N - a wand of mindburst (4)
Scrolls
 a - a scroll of vulnerability {unknown}
 e - 3 scrolls of blinking
 h - 5 scrolls of teleportation
 i - a scroll of identify
 k - 2 scrolls of magic mapping {unknown}
 l - 3 scrolls of poison
 m - 2 scrolls of enchant armour {unknown}
 n - 2 scrolls of summoning {unknown}
 o - 3 scrolls of immolation
 v - a scroll of fear {unknown}
 B - a scroll of brand weapon {unknown}
 G - a scroll of amnesia {unknown}
 J - a scroll of noise {unknown}
 K - a scroll of enchant weapon {unknown}
Potions
 b - a potion of magic
 c - 3 potions of curing
 d - 5 potions of attraction
 f - a potion of invisibility
 g - a potion of flight
 j - 2 potions of heal wounds
 s - 2 potions of mutation
 t - 2 potions of brilliance
 A - 5 potions of lignification
 I - a potion of haste
 L - a potion of cancellation {unknown}


   Skills:
 * Level 14.4 Fighting
 + Level 7.8 Armour
 - Level 3.0 Dodging
 - Level 3.0 Stealth
 + Level 7.4 Spellcasting
 - Level 1.0 Transmutations
 + Level 8.0 Earth Magic


You had 21 spell levels left.
You knew the following spells:

 Your Spells              Type           Power      Damage    Failure   Level
a - Sandblast             Erth           74%        2d16      1%          1
b - Passwall              Tmut/Erth      20%        N/A       13%         2

Your spell library contained the following spells:

 Spells                   Type           Power      Damage    Failure   Level
 Searing Ray              Conj           14%        2d5       63%         2
 Stone Arrow              Conj/Erth      44%        3d9       32%         3
 Shock                    Conj/Air       28%        1d4       50%         1
 Petrify                  Tmut/Erth      24%        N/A       65%         4
 Swiftness                Air            7%         N/A       86%         3
 Airstrike                Air            3%         2d(1-17)  99%         4
 Passage of Golubria      Tloc           7%         N/A       99%         4
 Silence                  Hex/Air        3%         N/A       100%        5
 Lehudib's Crystal Spear  Conj/Erth      11%        10d4      100%        8


Dungeon Overview and Level Annotations

Branches:
Dungeon (9/15) Zot: 25183  Temple (1/1) D:7 Zot: 5872     Orc (0/2) D:9
 Bailey (visited)
   Lair: D:8-11

Altars:
Ashenzari
Cheibriados
Dithmenos
Fedhas
Gozag
Hepliaklqana
Kikubaaqudgha
Makhleb
Nemelex Xobeh
Okawaru
Qazlal
Ru
Sif Muna
Trog
Uskayaw
Vehumet
Wu Jian
Xom
Yredelemnul

Shops:
D:1 ?!   D:5 :


Innate Abilities, Weirdness & Mutations

You have large cloven feet.
You are partially covered in rugged brown scales. (AC +1, +3% HP)
A weak demonic guardian rushes to your aid.
You regenerate magic rapidly.


Message History

What level of the Dungeon? (default 1, ? - help)
You see here a +0 whip.
There is a stone staircase leading up here.
You fly upwards.
There is a stone staircase leading down here.
There is a stone staircase leading up here.
You fly upwards.
There is a stone staircase leading down here.
There is an open door here.
You reach down and open the door.
There is an open door here.
There is an open door here.
There is an open door here.
There is an open door here.
There is a stone staircase leading up here.
You fly upwards.
There is a stone staircase leading down here.
There is a stone staircase leading up here.
You fly upwards.
There is a stone staircase leading down here.
You see here a +0 war axe.
There is a stone staircase leading up here.
You fly upwards.
There is a stone staircase leading down here.
Things that are here:
3 stones; a +0 dagger
There is a stone staircase leading up here.
You fly upwards.
There is a stone staircase leading down here.
Things that are here:
4 stones; a +0 club
There is a stone staircase leading up here.
You fly upwards.
There is a stone staircase leading down here.
There is a stone staircase leading up here.
You fly upwards.
There is a stone staircase leading down here.
There is a staircase leading out of the dungeon here.
Are you sure you want to leave the Dungeon?
This will make you lose the game!
You have escaped!

.....#.#.#...............#.#
#.#
#.##.#..#..####..######.#.##
#.# #.##........# #..# ##.##
#.# ............# #..# ###
#.## #.###.......###..# #..#
..............#..###### ##.#
.####.......#.........#
####.# .#
#..........######.# ##....#
.####.......#.##@# #.#
##.P...# .....#...####.##.#
#.# #..P♣♣.. .##.###.##
#.##.# #.# #..♣♣... .#.##
##.####.##.## #.# #....♣.#
..## ##.....'..># #.#
#.#PP.## .#.## ##.##########
#.# #.#...## ....###.## #.#
#.#..### ####.#.## #.#
#......# ###..# #.# ###.##.#


There were no monsters in sight!

Vanquished Creatures
  A two-headed ogre (D:9)
  An orc knight (Bailey)
  Pikel (D:8)
  Grinder (D:6)
  Prince Ribbit (D:7)
  A yak (D:9)
  3 wyverns
  Menkaure (D:6)
  Duvessa (D:6)
  A water moccasin (D:7)
  10 orc warriors (Bailey)
  2 ice beasts (D:7)
  2 black bears
  2 ogres
  4 centaurs
  5 kobold brigands
  4 bullfrogs
  2 gnoll sergeants
  2 scorpions (D:5)
  Dowan (D:5)
  4 wights (D:7)
  10 killer bees (D:9)
  4 howler monkeys
  An electric eel (D:7)
  3 jellies (D:4)
  A hound (D:5)
  An orc priest (D:6)
  Crazy Yiuf (D:6)
  An iguana (D:4)
  2 orc wizards
  4 gnolls (D:8)
  10 adders
  A shadow imp (D:5)
  An ufetubus (D:7)
  A worm (D:2)
  3 dart slugs
  24 orcs
  8 bats
  2 bat zombies (D:8)
  11 endoplasms
  4 goblins
  9 hobgoblins
  10 jackals
  4 quokkas
  4 ball pythons
  5 frilled lizards
  33 kobolds
  7 rats
  2 rat zombies (D:8)
217 creatures vanquished.

Vanquished Creatures (others)
  6 fungi (D:4)
  2 toadstools (D:4)
8 creatures vanquished.

Grand Total: 225 creatures vanquished

Notes
Turn   | Place    | Note
-------+----------+-------------------------------------------
     0 | D:1      | protoss039 the Demonspawn Earth Elementalist began the
                  | quest for the Orb.
     0 | D:1      | Reached XP level 1. HP: 13/13 MP: 3/3
   712 | D:1      | Gained mutation: You have large cloven feet. [demonic
                  | ancestry]
   712 | D:1      | Reached XP level 2. HP: 20/20 MP: 3/5
   819 | D:1      | Found Ahusseb's Magic Scroll Shoppe.
   823 | D:1      | Reached skill level 1 in Fighting
  1115 | D:1      | Found Buriemac's Distillery.
  1128 | D:1      | Bought a potion of degeneration for 12 gold pieces
  1349 | D:1      | Reached XP level 3. HP: 18/26 MP: 6/6
  1794 | D:1      | Learned a level 2 spell: Passwall
  2061 | D:2      | Reached skill level 2 in Fighting
  2086 | D:2      | Gained mutation: You are partially covered in rugged brown
                  | scales. (AC +1, +3% HP) [demonic ancestry]
  2086 | D:2      | Reached XP level 4. HP: 27/33 MP: 6/8
  2299 | D:2      | Found a faded altar of an unknown god.
  2763 | D:2      | Found the +7 Kryia's mail coat {PotionHeal*2 rC+}
  3047 | D:3      | Found a shimmering altar of Xom.
  3952 | D:4      | Reached XP level 5. HP: 25/40 MP: 6/9
  3953 | D:4      | Reached skill level 1 in Armour
  4090 | D:4      | Found a blossoming altar of Fedhas.
  4245 | D:4      | Noticed a black bear
  4282 | D:4      | Killed a black bear
  4283 | D:4      | Reached XP level 6. HP: 39/47 MP: 5/11
  4699 | D:4      | Reached skill level 3 in Fighting
  4867 | D:5      | Entered Level 5 of the Dungeon
  4886 | D:5      | Found Yclyzycei's Vocational Training.
  4893 | D:5      | Reached skill level 1 in Transmutations
  4893 | D:5      | Reached XP level 7. HP: 45/53 MP: 12/12
  4983 | D:5      | Identified the +7 falchion of Watchfulness {drain, Str+3
                  | Int-2 Dex+4 SInv}
  5681 | D:6      | Reached skill level 5 in Earth Magic
  5681 | D:6      | Reached XP level 8. HP: 59/61 MP: 14/14
  5815 | D:6      | Noticed Grinder
  5828 | D:6      | Killed Grinder
  5829 | D:6      | Reached skill level 4 in Fighting
  6041 | D:6      | Noticed Dowan
  6042 | D:6      | Noticed Duvessa
  6052 | D:5      | Killed Dowan
  6286 | D:6      | Noticed Menkaure
  6308 | D:6      | Killed Menkaure
  6508 | D:6      | Killed Duvessa
  6606 | D:6      | Found a bloodstained altar of Trog.
  6700 | D:6      | Found a runed translucent door.
  6701 | D:6      | Noticed Crazy Yiuf
  6710 | D:6      | Killed Crazy Yiuf
  6928 | D:7      | Reached skill level 5 in Armour
  6985 | D:7      | Found an iron altar of Okawaru.
  7082 | D:7      | Found a hide-covered altar of Uskayaw.
  7194 | D:7      | Reached skill level 5 in Spellcasting
  7205 | D:7      | Reached XP level 9. HP: 32/67 MP: 6/16
  7208 | D:7      | Reached skill level 5 in Fighting
  7499 | D:7      | Noticed Prince Ribbit
  7509 | D:7      | Killed Prince Ribbit
  7989 | D:7      | Found a staircase to the Ecumenical Temple.
  7997 | Temple   | Entered the Ecumenical Temple
  8088 | Temple   | Became a worshipper of Vehumet
  8751 | D:8      | Found a flagged portal.
  8760 | Bailey   | Entered a bailey
  8930 | Bailey   | Reached skill level 6 in Fighting
  9512 | Bailey   | Noticed an orc knight
  9592 | Bailey   | Killed an orc knight
  9593 | Bailey   | Gained mutation: A weak demonic guardian rushes to your
                  | aid. [demonic ancestry]
  9593 | Bailey   | Reached XP level 10. HP: 75/79 MP: 19/19
  9857 | D:8      | Reached * piety under Vehumet
  9857 | D:8      | Offered knowledge of Freeze by Vehumet.
 10048 | D:8      | Noticed Pikel
 10057 | D:8      | Killed Pikel
 10058 | D:8      | Reached skill level 7 in Fighting
 10127 | D:8      | Found an ancient bone altar of Kikubaaqudgha.
 10952 | D:9      | Found a staircase to the Orcish Mines.
 10973 | D:9      | Noticed a two-headed ogre
 11319 | D:9      | Reached skill level 8 in Fighting
 11559 | D:9      | Identified the +3 ring mail "Bisestor" {MP+9 Dex+3 SInv}
 11842 | D:9      | Reached ** piety under Vehumet
 11846 | D:9      | Offered knowledge of Searing Ray by Vehumet.
 11886 | D:9      | Killed a two-headed ogre
 11970 | D:9      | Reached skill level 14 in Fighting
 11970 | D:9      | Gained mutation: You regenerate magic rapidly. [demonic
                  | ancestry]
 11970 | D:9      | Reached XP level 11. HP: 104/104 MP: 22/22
 12163 | D:$      | Got out of the dungeon alive.

Illustrated notes

Levels and vault maps discovered:
D:1:      amcnicky_arrival_choice, layout_loops_ring, serial_shops,
          nicolae_shop_statue_plus, nicolae_diamond_shop, serial_forest,
          infiniplex_forest_clump_small, infiniplex_forest_lined_room_2,
          infiniplex_forest_3_way, infiniplex_forest_lined_3_way
D:2:      layout_loops_ring, hellmonk_ecumenical_altar_heavens_door
D:3:      layout_loops_ring, mainiacjoe_overflow_alcove_2, lemuel_flame_loot_1
D:4:      cheibrodos_fertilizer, layout_rooms, marbit_many_paths,
          minmay_manual_mess
D:5:      layout_rooms, nicolae_shop_vocational
D:6:      layout_basic, lemuel_round_altar, uniq_duvessa, uniq_grinder,
          uniq_menkaure, uniq_crazy_yiuf_cottage
D:7:      layout_gridville, lemuel_tele_altar, amcnicky_altar_gilded,
          minmay_temple_entry_trees, nicolae_lava_and_water, uniq_prince_ribbit1
D:8:      layout_loops_corners, lemuel_zombie_altar_kikubaaqudgha,
          enter_bailey_8, uniq_pikel
D:9:      minmay_spotlight, layout_loops_cross, orc_0_dummy,
          minmay_misc_feat_four_crosses
Temple:   nicolae_temple_superstar

Skill      XL: |  1  2  3  4  5  6  7  8  9 10 |
---------------+-------------------------------+-----
Fighting       | 1 2 3 4 6 14 | 14.4
Earth Magic    | 3 4 5 7 8 |  8.0
Spellcasting   | 3 4 5 6 7 |  7.4
Armour         | 1 2 3 5 6 7 |  7.8
Stealth        | 2 3 |  3.0
Transmutations | 1 |  1.0
Dodging        | 3 |  3.0

Action                   |  1- 3 |  4- 6 |  7- 9 | 10-12 || total
-------------------------+-------+-------+-------+-------++-------
Melee: Unarmed           |     8 |       |       |       ||     8
       Dagger            |    34 |    19 |       |       ||    53
       Kick              |     6 |    46 |    45 |    22 ||   119
       War axe           |       |    50 |       |       ||    50
       Trident           |       |   112 |     8 |       ||   120
       Punch             |       |     1 |     5 |       ||     6
       Falchion          |       |       |   151 |   104 ||   255
 Cast: Sandblast         |    48 |    32 |    70 |    42 ||   192
       Passwall          |       |     1 |     4 |     1 ||     6
Evoke: Wand              |       |       |    10 |     2 ||    12
  Use: Scroll            |       |     4 |     6 |     4 ||    14
       Potion            |       |       |     4 |     2 ||     6
 Stab: Sleeping          |     2 |       |       |       ||     2
       Paralysed         |       |       |    11 |       ||    11
Armor: Robe              |    15 |     6 |       |       ||    21
       Scale mail        |       |   184 |   131 |   125 ||   440
Dodge: Dodged            |    42 |   131 |   118 |   125 ||   416
Block: Buckler           |       |       |       |     7 ||     7
